AoeStats
← уринатерапевт

Oasis

510125489Analyzed
2v2 RM · 4d ago on Sep 29, 2026· 54m 53s· 4 players
Game mode
Random Map
Map size
Medium (4 player)
Population
200
Speed
Normal
Resources
Standard
Victory
Conquest
Starting age
Dark Age
Ending age
Imperial Age
RankedLock teamsTeams togetherTeam positionsShared explorationLock speedFull tech treeHidden civsTurbo modeCheats
Victory
Defeat
1415
+13
🇷🇺 Portuguese · Russia
1397
+14
🇺🇸 Varangians · United States
1354
-14
🇺🇸 Sicilians · United States
1350
-13
Alive
4:42 Loom
11:48 Feudal Age
13:07 Town Watch
14:32 Horse Collar
16:18 Double-Bit Axe
21:09 Fletching
24:02 Castle Age
22:21 Fletching
23:09 Gold Mining
23:38 Padded Archer Armor
24:17 Elite Skirmisher
25:12 Bodkin Arrow
26:13 Ballistics
27:50 Leather Archer Armor
29:23 Pikeman
33:23 Heavy Plow
33:45 Bow Saw
37:53 Murder Holes
38:09 Masonry
Noobis
6:49 Loom
9:56 Feudal Age
14:34 Castle Age
14:17 Double-Bit Axe
23:31 Wheelbarrow
23:20 Devotion
23:26 Town Watch
25:19 Horse Collar
25:43 Light Cavalry
27:15 Bloodlines
27:30 Husbandry
28:43 Hand Cart
30:15 Forging
30:11 Scale Barding Armor
33:18 Imperial Age
30:57 Gold Mining
31:16 Heavy Plow
32:18 Chain Barding Armor
32:09 Vendel Legacy
34:21 Conscription
33:48 Cavalier
33:51 Hussar
35:04 Stone Mining
36:45 Crop Rotation
37:06 Plate Barding Armor
37:16 Masonry
39:04 Faith
41:20 Iron Casting
47:20 Chemistry
46:52 Architecture
46:30 Siege Engineers
48:50 Fletching
50:01 Blast Furnace
49:02 Padded Archer Armor
48:47 Elite Skirmisher
50:17 Bodkin Arrow
50:39 Bow Saw
51:27 Ballistics
51:18 Bracer
52:27 Capped Ram
GLOBAL ELITE
4:50 Loom
10:06 Feudal Age
11:45 Double-Bit Axe
18:02 Castle Age
15:51 Horse Collar
18:16 Stone Mining
18:18 Gold Mining
19:55 Bow Saw
25:28 Wheelbarrow
27:01 Stone Shaft Mining
29:39 Imperial Age
27:08 Town Watch
27:38 Hand Cart
28:11 Town Patrol
28:09 Fletching
28:04 Treadmill Crane
29:32 Fortified Wall
30:44 Conscription
30:35 Bloodlines
30:25 Husbandry
31:38 Chemistry
32:01 Masonry
33:04 Ballistics
32:39 Light Cavalry
33:18 Bodkin Arrow
33:28 Scale Barding Armor
34:29 Thumb Ring
34:57 Architecture
35:08 Forging
35:45 Bracer
36:06 Chain Barding Armor
36:50 Bombard Tower
36:36 Heavy Plow
37:34 Iron Casting
37:57 Arquebus
38:34 Plate Barding Armor
38:02 Padded Archer Armor
38:45 Guilds
39:31 Crop Rotation
40:56 Leather Archer Armor
41:55 Blast Furnace
41:54 Siege Engineers
41:45 Murder Holes
42:44 Ring Archer Armor
42:12 Cavalier
44:51 Scale Mail Armor
45:31 Pikeman
45:56 Arson
45:56 Gambesons
46:28 Chain Mail Armor
46:14 Halberdier
47:29 Plate Mail Armor
уринатерапевт
11:01 Feudal Age
14:46 Castle Age
13:19 Double-Bit Axe
18:21 Fletching
19:33 Padded Archer Armor
20:44 Bow Saw
22:03 Leather Archer Armor
30:04 Bloodlines
29:54 Husbandry
32:11 Loom
33:02 Wheelbarrow
37:46 Imperial Age
35:59 Scale Barding Armor
36:05 Forging
36:45 Hand Cart
39:29 Ring Archer Armor
39:23 Chain Barding Armor
39:53 Elite Conquistador
41:00 Conscription
42:57 Two-Man Saw
45:17 Guilds
45:21 Masonry
51:03 Hoardings
51:12 Architecture
51:52 Chemistry
51:13 Caravan
52:34 Plate Barding Armor
52:35 Iron Casting
51:24 Light Cavalry
51:56 Hussar
55:26 Blast Furnace
Connection lost

Rejoining the realm…

Still unreachable

The connection could not be restored.

Session expired

The server has moved on; the page needs a fresh start.